AoeStats
← ivcrk826

Arabia

505653551Analyzed
1v1 RM · 22d ago on Sep 10, 2026· 47m 13s· 2 players
Game mode
Random Map
Map size
Tiny (2 player)
Population
200
Speed
Normal
Resources
Standard
Victory
Conquest
Starting age
Dark Age
Ending age
Imperial Age
RankedLock teamsTeams togetherTeam positionsShared explorationLock speedFull tech treeHidden civsTurbo modeCheats
Victory
Defeat
🇦🇷 Khitans · Argentina
1173
+17
🇪🇸 Franks · Spain
1204
-17
ivcrk826
6:05 Loom
9:21 Feudal Age
9:27 Man-at-Arms
12:46 Double-Bit Axe
16:41 Fletching
17:43 Forging
25:00 Castle Age
24:42 Scale Mail Armor
25:06 Elite Skirmisher
25:10 Long Swordsman
26:31 Bodkin Arrow
28:08 Iron Casting
28:41 Pikeman
35:00 Scale Barding Armor
35:37 Gold Mining
37:55 Chain Barding Armor
42:48 Imperial Age
40:51 Chain Mail Armor
41:44 Domestication
44:38 Chemistry
43:20 Heavy Camel Rider
45:20 Plate Barding Armor
45:26 Bracer
47:04 Ballistics
46:53 Padded Archer Armor
EL_DoN_TaPaS
2:32 Loom
2:56 Loom
10:28 Feudal Age
14:54 Double-Bit Axe
20:53 Gold Mining
23:44 Fletching
23:55 Padded Archer Armor
29:06 Castle Age
27:41 Forging
28:37 Town Watch
28:45 Arson
29:07 Scale Barding Armor
29:08 Light Cavalry
32:11 Wheelbarrow
32:39 Pikeman
33:14 Crossbowman
34:58 Gambesons
36:34 Squires
40:50 Bow Saw
47:23 Imperial Age
45:08 Stone Mining
45:54 Gold Shaft Mining
47:21 Scale Mail Armor
Connection lost

Rejoining the realm…

Still unreachable

The connection could not be restored.

Session expired

The server has moved on; the page needs a fresh start.